Map: [ESL] Goldenaura

Players

Oliveira - Winner!

  • Race: Protoss Protoss
  • Spawn Location: 12:00

Coffee

  • Race: Protoss Protoss
  • Spawn Location: 5:00

Event: ESL SC2 Masters 2024 Spring (Regional)

VOD

Have the link to the VOD?

Description

Time

  • Played on: April 28, 2024, 8 a.m.
  • Length: 6:00

All games in this series

Show
View Real Time Build Order
Export as new Build Order

Oliveira Protoss - Winner!

Build Orders:  

Get SALT Encoding   

  12  0:00  Probe  
  13  0:12  Probe  
  14  0:17  Pylon  
  14  0:24  Probe (Chrono Boost)  
  16  0:37  Probe (Chrono Boost)  
  16  0:39  Gateway  
  16  0:43  Probe (Chrono Boost)  
  16  0:47  Assimilator  
  17  0:51  Probe  
  18  1:03  Probe (Chrono Boost)  
  19  1:05  Assimilator  
  19  1:15  Probe (Chrono Boost)  
  20  1:20  Probe (Chrono Boost)  
  21  1:26  Cybernetics Core  
  21  1:30  Probe  
  22  1:34  Pylon  
  22  1:42  Probe  
  23  1:54  Probe  
  23  1:59  Nexus  
  24  2:03  Sentry, Warp Gate (Chrono Boost)  
  26  2:09  Probe  
  27  2:17  Pylon  
  27  2:23  Probe  
  27  2:26  Sentry  
  30  2:35  Shield Battery  
  30  2:38  Gateway  
  30  2:42  Probe  
  30  2:48  Sentry  
  32  2:54  Probe  
  33  3:00  Gateway  
  33  3:06  Probe  
  33  3:11  Stalker  
  37  3:12  Probe  
  37  3:18  Probe  
  38  3:25  Probe  
  39  3:30  Probe  
  40  3:36  Shield Battery  
  40  3:45  Stalker  
  40  3:47  Probe x2  
  44  3:52  Stalker  
  44  3:53  Pylon  
  46  3:57  Stalker  
  48  4:06  Probe x2  
  48  4:08  Pylon  
  48  4:09  Stalker  
  52  4:17  Pylon  
  52  4:22  Stalker  
  51  4:32  Stalker x2  
  53  4:48  Stalker  
  51  4:53  Probe x2  
  51  4:56  Stalker  
  51  4:57  Twilight Council  
  51  4:58  Stalker  
  55  5:05  Probe x2  
  57  5:14  Stalker  
  59  5:17  Probe x2  
  61  5:26  Stalker x2  
  65  5:29  Probe x2  
Show
View Real Time Build Order
Export as new Build Order

Coffee Protoss 

Build Orders:  

Get SALT Encoding   

  12  0:00  Probe  
  13  0:12  Probe  
  14  0:17  Pylon  
  14  0:24  Probe (Chrono Boost)  
  16  0:37  Probe (Chrono Boost), Gateway  
  16  0:42  Probe (Chrono Boost)  
  16  0:46  Assimilator  
  17  0:51  Probe  
  17  0:55  Assimilator  
  18  1:04  Probe (Chrono Boost)  
  19  1:09  Gateway  
  19  1:13  Probe (Chrono Boost)  
  20  1:18  Probe (Chrono Boost)  
  20  1:25  Cybernetics Core  
  21  1:30  Probe  
  22  1:35  Pylon  
  22  1:42  Probe  
  23  1:59  Warp Gate (Chrono Boost)  
  23  2:04  Stalker x2  
  23  2:08  Pylon  
  27  2:20  Pylon  
  27  2:34  Stalker x2  
  31  2:43  Gateway  
  31  2:53  Pylon  
  31  3:04  Stalker x2  
  35  3:10  Shield Battery  
  35  3:43  Stalker x3  
  35  3:46  Robotics Facility  
  41  4:06  Adept  
  41  4:07  Stalker, Adept  
  47  4:31  Stalker x2  
  45  4:35  Stalker  
  45  4:50  Immortal (Chrono Boost)  
  43  4:58  Sentry x2  
  47  5:06  Stalker  
  49  5:22  Zealot  
  49  5:23  Zealot  
  53  5:33  Stalker  
Tags
 
Add a new tag
Caveats
  • Supply blocks, unpowered buildings, or Contaminate may cause inaccurate times.
  • Supply counts are checked every 10 seconds.